 Dungeon Crawl Stone Soup version 0.30-a0-137-gd8773701ce (webtiles) character file.

Game seed: 16526558938783834301

25 SigmundSlayer the Chopper (level 3, -7/31 HPs)
             Began as a Hill Orc Fighter on Sept 23, 2022.
             Killed from afar by Sigmund (9 damage)
             ... with a puff of flame
             ... on level 2 of the Dungeon.
             The game lasted 00:00:54 (1463 turns).

SigmundSlayer the Chopper (Hill Orc Fighter)        Turns: 1463, Time: 00:00:55

Health: -7/31      AC:  6    Str: 20    XL:     3   Next: 4%
Magic:  3/3        EV:  9    Int:  8    God:
Gold:   30         SH:  0    Dex: 10    Spells: 2/2 levels left

rFire   . . .      SeeInvis .    a - +0 war axe
rCold   . . .      Faith    .    c - +0 buckler
rNeg    . . .      Spirit   .    b - +0 scale mail
rPois   .          Reflect  .    (no helmet)
rElec   .          Harm     .    (no cloak)
rCorr   .          Rampage  .    (no gloves)
Will    .....                    (no boots)
Stlth   ..........               (no amulet)
HPRegen 0.10/turn                (no ring)
MPRegen 0.08/turn                (no ring)

@: confused, mighty, hasted, very quick
A: no striking features
a: no special abilities


You were on level 2 of the Dungeon.
You visited 1 branch of the dungeon, and saw 2 of its levels.

You collected 30 gold pieces.

Inventory:

Hand Weapons
 a - a +0 war axe (weapon)
Armour
 b - a +0 scale mail (worn)
 c - a +0 buckler (worn)
Scrolls
 e - a scroll of identify {unknown}
 f - a scroll of fog {unknown}
 g - a scroll of immolation {unknown}
 i - a scroll of blinking {unknown}
Potions
 j - a potion of magic {unknown}
 k - a potion of ambrosia {unknown}


   Skills:
 - Level 3.6 Fighting
 + Level 4.6 Axes
 - Level 3.2 Armour
 - Level 3.2 Shields


You had 2 spell levels left.
You didn't know any spells.
Your spell library was empty.

Dungeon Overview and Level Annotations

Branches:
Dungeon (2/15)

Altars:

Annotations:
D:2 Sigmund


Message History

You barely miss Sigmund.
Sigmund is heavily wounded.
Sigmund says, "Don't worry, I'll kill you fast."
Sigmund hits you with a +0 scythe.
You are too injured to fight recklessly!
You are too injured to fight recklessly!
You are too injured to fight recklessly!
You are too injured to fight recklessly!
You are too injured to fight recklessly!
You are too injured to fight recklessly!
You are too injured to fight recklessly!
You are too injured to fight recklessly!
You are too injured to fight recklessly!
You are too injured to fight recklessly!
You are too injured to fight recklessly!
You are too injured to fight recklessly!
You are too injured to fight recklessly!
You feel very mighty all of a sudden.
You slash Sigmund!
Sigmund is almost dead.
Sigmund gestures at you while chanting.
You are confused.
Sigmund completely misses you. Sigmund casts a spell at you.
The puff of flame hits you. Sigmund hits you with a +0 scythe!
* * * LOW HITPOINT WARNING * * *
It was a potion of haste.
You feel yourself speed up. Sigmund gestures at you while chanting.
You are more confused.
You're too confused to move!
You're too confused to move!
Sigmund gestures at you while chanting. The puff of flame hits you.
* * * LOW HITPOINT WARNING * * *
You barely miss Sigmund.
Sigmund is almost dead.
Sigmund points at you and mumbles some strange words.
The puff of flame hits you!
You die...

.. #.#.# #. .. #.#.#
#. #. #.#.# #. #.
#.#.#### #. ##?##
#####.#....## #. .
...# #........(..# #.
..
#.###.###[###†#.###.
...
#..@#...###...#÷....
[...
###@#.#.#.#.###.###.
.....###'#.#......#..#
#.
...........###.#.###.#
#.
............#......#[#
#(
...........###.#.#.#.#
#.
####.......#...###...#
#. #.......#.###.###.#
#.
#.................###.
#.........#####.#.##..


You could see Sigmund.

Vanquished Creatures
  2 worms (D:2)
  2 bats (D:2)
  2 endoplasms (D:2)
  2 giant cockroaches (D:1)
  2 goblins (D:1)
  A hobgoblin (D:1)
  4 ball pythons
  3 frilled lizards
  A kobold (D:1)
19 creatures vanquished.

Notes
Turn   | Place    | Note
-------+----------+-------------------------------------------
     0 | D:1      | SigmundSlayer the Hill Orc Fighter began the quest for the
                  | Orb.
     0 | D:1      | Reached XP level 1. HP: 19/19 MP: 1/1
    53 | D:1      | Reached skill level 3 in Axes
   580 | D:1      | Reached XP level 2. HP: 26/26 MP: 2/2
   817 | D:1      | Found a faded altar of an unknown god.
  1192 | D:2      | Reached skill level 4 in Axes
  1223 | D:2      | Identified the +2 leather armour "Iwag Yfuhu" {rC- rCorr
                  | MP+9 SInv}
  1320 | D:2      | Reached XP level 3. HP: 23/31 MP: 3/3
  1445 | D:2      | Noticed Sigmund
  1463 | D:2      | Killed from afar by Sigmund

Illustrated notes

Levels and vault maps discovered:
D:1:      onia_arrival_pyramid, layout_basic,
          hellmonk_ecumenical_altar_inner_sanctum, minmay_fountain_box,
          serial_bayou_crossing
D:2:      layout_basic, minmay_indecisive_spiral, uniq_sigmund

Skill      XL: |  1  2 |
---------------+-------+-----
Axes           | 3 4 |  4.6
Fighting       | |  3.6
Armour         | |  3.2
Shields        | |  3.2

Action                   || total
-------------------------++-------
Melee: War axe           ||    53
  Use: Potion            ||     2
Armor: Scale mail        ||    15
Dodge: Dodged            ||    29
Block: Buckler           ||    10

Table legend: (Time is in decaauts)
 A = Elapsed time spent in this place.
 B = Non-inter-level travel time spent in this place.
 C = Inter-level travel time spent in this place.
 D = Time resting spent in this place.
 E = Time spent auto-exploring this place.
 F = Levels seen in this place.
 G = Mean time per level.
                   A        B        C        D        E       F      G
               +--------+--------+--------+--------+--------+-----+--------+
         Total |   1484 |   1439 |     45 |      0 |   1276 |   2 |  742.0 |
       Dungeon |   1484 |   1439 |     45 |      0 |   1276 |   2 |  742.0 |
               +--------+--------+--------+--------+--------+-----+--------+

Top non-repeatable levels by time:
     D:1: 1170 daAuts
     D:2: 314 daAuts
